Workbook

Sheet титульник
I1: УТВЕРЖДАЮ Заведующий ______________ (подпись) «30» октября 2023 г.
B16: План финансово-хозяйственной деятельности на 2023г. и плановый период 2024 и 2025 годов «30» октября 2023 г.
O23: Коды
M25: Дата
B26: Орган, осуществляющий функции и полномочия учредителя: Отдел образования администрации муниципального образования Ясненский городской округ Оренбургской области | M26: по Сводному реестру
M27: глава по БК
M28: по Сводному реестру
M29: ИНН | O29: 5618005843
M30: КПП | O30: 561801001
B31: Учреждение: Муниципальное дошкольное образовательное бюджетное учреждение Детский сад № 10 «Колосок» муниципального образования Ясненский городской округ Единица измерения: руб. | M31: по ОКЕИ | O31: 383

Sheet раздел1
A1: Раздел 1. Поступления и выплаты
A2: Наименование показателя | B2: Код строки | C2: Код по бюджетной классификации Российской Федерации | D2: Аналитический код | E2: Сумма
E3: на 2023г. текущий финансовый год | F3: на 2024г. первый год планового периода | G3: на 2025г. второй год планового периода | H3: за пределами планового периода
A4: 1 | B4: 2 | C4: 3 | D4: 4 | E4: 5 | F4: 6 | G4: 7 | H4: 8
A5: Остаток средств на начало текущего финансового года | B5: 1 | C5: x | D5: x | E5: 66480.66
A6: Остаток средств на конец текущего финансового года | B6: 2 | C6: x | D6: x | E6: =E5+E7-E31 -> 0 | F6: =F5+F7-F31 -> 0 | G6: =G5+G7-G31 -> 0
A7: Доходы, всего: | B7: 1000 | E7: =SUM(E11,E18) -> 5830102 | F7: =F11+F8+F16+F18+F23+F26 -> 4905858.3 | G7: =G11+G8+G16+G18+G23+G26 -> 4826050
A8: в том числе: | B8: 1100 | C8: 120
A9: доходы от собственности, всего
A10: в том числе: | B10: 1110
A11: доходы от оказания услуг, работ, компенсации затрат учреждений, всего | B11: 1200 | C11: 130 | E11: =E12+E14+E15 -> 5758565.7 | F11: =F12+F14+F15 -> 4899358.3 | G11: =G12+G14+G15 -> 4826050
A12: в том числе: | B12: 1210 | C12: 130 | D12: 131 | E12: =E182 -> 5540000 | F12: =F182 -> 4617184 | G12: =G182 -> 4826050
A13: субсидии на финансовое обеспечение выполнения государственного (муниципального) задания за счет средств бюджета публично-правового образования, создавшего учреждение
A14: субсидии на финансовое обеспечение выполнения государственного задания за счет средств бюджета Федерального фонда обязательного медицинского страхования | B14: 1220 | C14: 130
A15: родительская плата | B15: 1230 | C15: 130 | D15: 131 | E15: =E108-E5 -> 218565.67 | F15: =F108 -> 282174.32 | G15: =G108 -> 0
A16: доходы от штрафов, пеней, иных сумм принудительного изъятия, всего | B16: 1300 | C16: 140
A17: в том числе: | B17: 1310 | C17: 140
A18: безвозмездные денежные поступления, всего | B18: 1400 | C18: 150 | E18: =E19+E21 -> 71536.36 | F18: =F19+F21 -> 6500 | G18: =G19+G21 -> 0
A19: в том числе: | B19: 1410 | C19: 150 | D19: 152 | E19: =E259 -> 71536.36 | F19: =F259 -> 6500 | G19: =G259 -> 0
A20: целевые субсидии
A21: субсидии на осуществление капитальных вложений | B21: 1420 | C21: 150
A23: прочие доходы, всего | B23: 1500 | C23: 180
A24: в том числе:
A26: доходы от операций с активами, всего | B26: 1900
A27: в том числе:
A28: прочие поступления, всего | B28: 1980 | C28: x
A29: из них: | B29: 1981 | C29: 510 | H29: x
A30: увеличение остатков денежных средств за счет возврата дебиторской задолженности прошлых лет
A31: Расходы, всего | B31: 2000 | C31: x | E31: =SUM(E32,E60,E76) -> 5896582.7 | F31: =F32+F60+F76 -> 4905858.3 | G31: =G32+G60+G76 -> 4826050
A32: в том числе: | B32: 2100 | C32: x | E32: =SUM(E34:E50) -> 4814200 | F32: =SUM(F34:F40) -> 3859384 | G32: =SUM(G34:G40) -> 4068250 | H32: x
A33: на выплаты персоналу, всего
A34: в том числе: | B34: 2110 | C34: 111 | D34: 211 | E34: =E185 -> 3676000 | F34: =F185 -> 2952656 | G34: =G185 -> 3113075 | H34: x
A35: оплата труда | D35: 266 | E35: =E186 -> 25000 | F35: =F186 -> 15000 | G35: =G186 -> 15000
A36: прочие выплаты персоналу, в том числе компенсационного характера | B36: 2120 | C36: 112 | D36: 212 | E36: =E187 -> 0 | F36: =F187 -> 0 | G36: =G187 -> 0
D37: 226 | E37: =E188 -> 0 | F37: =F188 -> 0 | G37: =G188 -> 0
D38: 266 | E38: =E189 -> 0 | F38: =F189 -> 0 | G38: =G189 -> 0 | H38: x
A39: иные выплаты, за исключением фонда оплаты труда учреждения, для выполнения отдельных полномочий | B39: 2130 | C39: 113 | D39: 226 | E39: =E190 -> 0 | F39: =F190 -> 0 | G39: =G190 -> 0
A40: взносы по обязательному социальному страхованию на выплаты по оплате труда работников и иные выплаты работникам учреждений, всего | B40: 2140 | C40: 119 | D40: 213 | E40: =E191 -> 1113200 | F40: =F191 -> 891728 | G40: =G191 -> 940175 | H40: x
D41: 265 | E41: =E192 -> 0 | F41: 0 | G41: 0
A42: в том числе: | B42: 2141 | C42: 119 | H42: x
A43: на выплаты по оплате труда
A44: на иные выплаты работникам | B44: 2142 | C44: 119 | H44: x
A45: денежное довольствие военнослужащих и сотрудников, имеющих специальные звания | B45: 2150 | C45: 131 | H45: x
A46: расходы на выплаты военнослужащим и сотрудникам, имеющим специальные звания, зависящие от размера денежного довольствия | B46: 2160 | C46: 133 | H46: х
A47: иные выплаты военнослужащим и сотрудникам, имеющим специальные звания | B47: 2170 | C47: 134 | H47: x
A48: страховые взносы на обязательное социальное страхование в части выплат персоналу, подлежащих обложению страховыми взносами | B48: 2180 | C48: 139 | H48: x
A49: в том числе: | B49: 2181 | C49: 139 | H49: x
A50: на оплату труда стажеров
A51: социальные и иные выплаты населению, всего | B51: 2200 | C51: 300 | H51: x
A52: в том числе: | B52: 2210 | C52: 320 | H52: x
A53: социальные выплаты гражданам, кроме публичных нормативных социальных выплат
A54: из них: | B54: 2211 | C54: 321 | H54: x
A55: пособия, компенсации и иные социальные выплаты гражданам, кроме публичных нормативных обязательств
A57: выплата стипендий, осуществление иных расходов на социальную поддержку обучающихся за счет средств стипендиального фонда | B57: 2220 | C57: 340 | H57: x
A58: на премирование физических лиц за достижения в области культуры, искусства, образования, науки и техники, а также на предоставление грантов с целью поддержки проектов в области науки, культуры и искусства | B58: 2230 | C58: 350 | H58: x
A59: иные выплаты населению | B59: 2240 | C59: 360 | H59: x
A60: уплата налогов, сборов и иных платежей, всего | B60: 2300 | C60: 850 | E60: =E61+E63+E64 -> 88104 | F60: =F61+F63+F64 -> 70700 | G60: =G61+G63+G64 -> 70700 | H60: x
A61: из них: | B61: 2310 | C61: 851 | D61: 291 | E61: =E212+E286 -> 88104 | F61: =F212 -> 70700 | G61: =G212 -> 70700 | H61: x
A62: налог на имущество организаций и земельный налог
A63: иные налоги (включаемые в состав расходов) в бюджеты бюджетной системы Российской Федерации, а также государственная пошлина | B63: 2320 | C63: 852 | H63: x
A64: уплата штрафов (в том числе административных), пеней, иных платежей | B64: 2330 | C64: 853 | H64: x
A65: безвозмездные перечисления организациям и физическим лицам, всего | B65: 2400 | C65: x | H65: x
A66: из них: | B66: 2410 | C66: 613
A67: гранты, предоставляемые бюджетным учреждениям
A68: гранты, предоставляемые автономным учреждениям | B68: 2420 | C68: 623
A69: гранты, предоставляемые иным некоммерческим организациям (за исключением бюджетных и автономных учреждений) | B69: 2430 | C69: 634
A70: гранты, предоставляемые другим организациям и физическим лицам | B70: 2440 | C70: 810
A71: взносы в международные организации | B71: 2450 | C71: 862
A72: платежи в целях обеспечения реализации соглашений с правительствами иностранных государств и международными организациями | B72: 2460 | C72: 863
A74: прочие выплаты (кроме выплат на закупку товаров, работ, услуг) | B74: 2500 | C74: x | H74: x
A75: исполнение судебных актов Российской Федерации и мировых соглашений по возмещению вреда, причиненного в результате деятельности учреждения | B75: 2520 | C75: 831 | H75: x
A76: расходы на закупку товаров, работ, услуг, всего | B76: 2600 | C76: x | E76: =SUM(E77:E98) -> 994278.69 | F76: =SUM(F77:F98) -> 975774.32 | G76: =SUM(G77:G98) -> 687100
A77: в том числе: | B77: 2610 | C77: 241
A78: закупку научно-исследовательских и опытно-конструкторских работ
A79: закупку товаров, работ, услуг в целях капитального ремонта государственного (муниципального) имущества | B79: 2630 | C79: 243
A80: прочую закупку товаров, работ и услуг, всего | B80: 2640 | C80: 244 | D80: 221 | E80: =E154+E231+E305 -> 30400 | F80: =F154+F231+F305 -> 30400 | G80: =G154+G231+G305 -> 30400
D81: 222 | E81: =E155+E232+E306 -> 0 | F81: =F155+F232+F306 -> 0 | G81: =G155+G232+G306 -> 0
D82: 223 | E82: =E156+E233+E307 -> 54300 | F82: =F156+F233+F307 -> 54300 | G82: =G156+G233+G307 -> 54300
D83: 225 | E83: =E157+E234+E308 -> 75892.46 | F83: =F157+F234+F308 -> 115400 | G83: =G157+G234+G308 -> 115400
D84: 226 | E84: =E158+E235+E309 -> 157570 | F84: =F158+F235+F309 -> 171900 | G84: =G158+G235+G309 -> 171900
D85: 310 | E85: =E159+E236+E310 -> 155830 | F85: =F159+F236+F310 -> 6500 | G85: =G159+G236+G310 -> 0
D86: 341 | E86: =E160+E237+E311 -> 3000 | F86: =F160+F237+F311 -> 3000 | G86: =G160+G237+G311 -> 3000
D87: 342 | E87: =E161+E238+E312 -> 282174.32 | F87: =F161+F238+F312 -> 282174.32 | G87: =G161+G238+G312 -> 0
D88: 343 | E88: =E162+E239+E313 -> 0 | F88: =F162+F239+F313 -> 0 | G88: =G162+G239+G313 -> 0
D89: 344 | E89: =E163+E240+E314 -> 15353.61 | F89: =F163+F240+F314 -> 25000 | G89: =G163+G240+G314 -> 25000
D90: 345 | E90: =E164+E241+E315 -> 0 | F90: =F164+F241+F315 -> 0 | G90: =G164+G241+G315 -> 0
D91: 346 | E91: =E165+E242+E316 -> 27025.94 | F91: =F165+F242+F316 -> 98500 | G91: =G165+G242+G316 -> 98500
D92: 349 | E92: =E166+E243+E317 -> 0 | F92: =F166+F243+F317 -> 0 | G92: =G166+G243+G317 -> 0
A93: из них:
A94: Закупка товаров, работ и услуг в целях создания, развития, эксплуатации и вывода из эксплуатации государственных (муниципальных) информационных систем | B94: 2650 | C94: 246
A95: закупка энергетических ресурсов | B95: 2660 | C95: 247 | D95: 223 | E95: =E169+E246+E320 -> 192732.36 | F95: =F169+F246+F320 -> 188600 | G95: =G169+G246+G320 -> 188600
A96: Капитальные вложения в объекты государственной (муниципальной) собственности | B96: 2700 | C96: 400
A97: в том числе:
A98: Приобретение объектов недвижимого имущества государственными (муниципальными) бюджетными и автономными учреждениями | B98: 2710 | C98: 406
A99: Строительство (реконструкция) объектов недвижимого имущества государственными (муниципальными) бюджетными и автономными учреждениями | B99: 2720 | C99: 407
A100: Выплаты, уменьшающие доход, всего | B100: 3000 | C100: 100 | H100: x
A101: в том числе: | B101: 3010 | H101: x
A102: налог на прибыль
A103: налог на добавленную стоимость | B103: 3020 | H103: x
A104: прочие налоги, уменьшающие доход | B104: 3030 | H104: x
...

Sheet раздел2
A1: Раздел 2. Сведения по выплатам на закупки товаров, работ, услуг
A2: N п/п | B2: Наименование показателя | C2: Коды строк | D2: Год начала закупки | E2: Код по бюджетной класификации Российской Федерации | F2: Сумма
F3: на 2023 г. (текущий финансовый год) | G3: на 2024 г. (первый год планового периода) | H3: на 2025 г. (второй год планового периода) | I3: за пределами планового периода
A4: 1 | B4: 2 | C4: 3 | D4: 4 | E4: 4.1. | F4: 5 | G4: 6 | H4: 7 | I4: 8
A5: 1 | B5: Выплаты на закупку товаров, работ, услуг, всего | C5: 26000 | D5: x | F5: =раздел1!E76 -> 994278.69 | G5: =раздел1!F76 -> 975774.32 | H5: =раздел1!G76 -> 687100
A6: 1.1. | B6: в том числе: | C6: 26100 | D6: x
B7: по контрактам (договорам), заключенным до начала текущего финансового года без применения норм Федерального закона от 5 апреля 2013 г. N 44-ФЗ "О контрактной системе в сфере закупок товаров, работ, услуг для обеспечения государственных и муниципальных нужд" (Собрание законодательства Российской Федерации, 2013, N 14, ст. 1652; 2018, N 32, ст. 5104) (далее - Федеральный закон N 44-ФЗ) и Федерального закона от 18 июля 2011 г. N 223-ФЗ "О закупках товаров, работ, услуг отдельными видами юридических лиц" (Собрание законодательства Российской Федерации, 2011, N 30, ст. 4571; 2018, N 32, ст. 5135) (далее - Федеральный закон N 223-ФЗ)
A8: 1.2. | B8: по контрактам (договорам), планируемым к заключению в соответствующем финансовом году без применения норм Федерального закона N 44-ФЗ и Федерального закона N 223-ФЗ | C8: 26200 | D8: x
A9: 1.3. | B9: по контрактам (договорам), заключенным до начала текущего финансового года с учетом требований Федерального закона N 44-ФЗ и Федерального закона N 223-ФЗ | C9: 26300 | D9: x | F9: 4132.36
A10: 1.3.1 | B10: в том числе: | C10: 26310 | D10: x | E10: x | F10: =SUM(F9) -> 4132.36
B11: в соответствии с Федеральным законом N 44-ФЗ
B12: из них: | C12: 26310.1
A13: 1.3.2. | B13: в соответствии с Федеральным законом N 223-ФЗ | C13: 26320 | D13: x | E13: x
A14: 1.4. | B14: по контрактам (договорам), планируемым к заключению в соответствующем финансовом году с учетом требований Федерального закона N 44-ФЗ и Федерального закона N 223-ФЗ | C14: 26400 | D14: x | F14: =SUM(F15,F20,F31) -> 990146.33 | G14: =G5 -> 975774.32 | H14: =H5 -> 687100
A15: 1.4.1. | B15: в том числе: | C15: 26410 | D15: x | F15: =раздел1!E227 -> 655100 | G15: =раздел1!F227 -> 687100 | H15: =раздел1!G227 -> 687100
B16: за счет субсидий, предоставляемых на финансовое обеспечение выполнения государственного (муниципального) задания
A17: 1.4.1.1. | B17: в том числе: | C17: 26411 | D17: x
B18: в соответствии с Федеральным законом N 44-ФЗ
A19: 1.4.1.2. | B19: в соответствии с Федеральным законом N 223-ФЗ | C19: 26412 | D19: x
A20: 1.4.2. | B20: за счет субсидий, предоставляемых в соответствии с абзацем вторым пункта 1 статьи 78.1 Бюджетного кодекса Российской Федерации | C20: 26420 | D20: x | F20: =раздел1!E301-4132.36 -> 50000 | G20: =раздел1!F301 -> 6500 | H20: =раздел1!G301 -> 0
A21: 1.4.2.1 | B21: в том числе: | C21: 26421 | D21: x | F21: =F20 -> 50000 | G21: =G20 -> 6500 | H21: =H20 -> 0
B22: в соответствии с Федеральным законом N 44-ФЗ
B23: из них: | C23: 26421.1 | D23: x
A24: 1.4.2.2. | B24: в соответствии с Федеральным законом N 223-ФЗ | C24: 26422 | D24: x
A25: 1.4.3. | B25: за счет субсидий, предоставляемых на осуществление капитальных вложений | C25: 26430 | D25: x
B26: из них : | C26: 26430.1 | D26: x
A27: 1.4.4. | B27: за счет средств обязательного медицинского страхования | C27: 26440 | D27: x
A28: 1.4.4.1. | B28: в том числе: | C28: 26441 | D28: x
B29: в соответствии с Федеральным законом N 44-ФЗ
A30: 1.4.4.2. | B30: в соответствии с Федеральным законом N 223-ФЗ | C30: 26442 | D30: x
A31: 1.4.5. | B31: за счет прочих источников финансового обеспечения | C31: 26450 | D31: x | F31: =раздел1!E150 -> 285046.33 | G31: =раздел1!F150 -> 282174.32 | H31: =раздел1!G150 -> 0
A32: 1.4.5.1. | B32: в том числе: | C32: 26451 | D32: x | F32: =F31 -> 285046.33 | G32: =G31 -> 282174.32 | H32: =H31 -> 0
B33: в соответствии с Федеральным законом N 44-ФЗ
B34: из них: | C34: 26451.1 | D34: x
A35: 1.4.5.2. | B35: в соответствии с Федеральным законом N 223-ФЗ | C35: 26452 | D35: x
A36: 2. | B36: Итого по контрактам, планируемым к заключению в соответствующем финансовом году в соответствии с Федеральным законом N 44-ФЗ, по соответствующему году закупки | C36: 26500 | D36: x | F36: =SUM(F5) -> 994278.69 | G36: =G31+G20+G15 -> 975774.32 | H36: =H31+H20+H15 -> 687100
B37: в том числе по году начала закупки:
C38: 26510 | D38: 2023 | F38: =F36 -> 994278.69
C39: 26520 | D39: 2024 | G39: =G36 -> 975774.32
C40: 26530 | D40: 2025 | H40: =H36 -> 687100
A41: 3. | B41: Итого по договорам, планируемым к заключению в соответствующем финансовом году в соответствии с Федеральным законом N 223-ФЗ, по соответствующему году закупки | C41: 26600 | D41: x
B42: в том числе по году начала закупки:
C43: 26610 | D43: 2023
C44: 26620 | D44: 2024
C45: 26630 | D45: 2025
B47: Руководитель учреждения
B48: (уполномоченное лицо учреждения) | C48: (должность) | F48: (подпись) | G48: (расшифровка подписи)
B50: Исполнитель ___________ _____________ ___________________ | C50: _________________________
B51: (должность) (подпись) (фамилия, инициалы) | C51: (телефон)
A53: "30"октября 2023 г.

Sheet обоснование
B3: Обоснование (расчет) плановых поступлений
B5: Учреждение: Муниципальное дошкольное образовательное бюджетное учреждение Детский сад № 10 «Колосок» муниципального образования Ясненский городской округ
C9: Общая сумма | E9: =SUM(E13:J15) -> 15628491 | G9: руб.
B11: № п/п | C11: Наименование доходов | E11: Сумма на 2023год (на текущий финансовый год) (руб.) | G11: Сумма на 2024 год (на первый год планового периода) (руб.) | I11: Сумма на 2025 год (на второй год планового периода) (руб.)
B12: 1 | C12: 2 | E12: 3 | G12: 4 | I12: 5
B13: 2 | C13: Субсидии на финансовое обеспечение выполнения муниципального задания на оказание муниципальных услуг (выполнение работ) | E13: =раздел1!E182 -> 5540000 | G13: =раздел1!F182 -> 4617184 | I13: =раздел1!G182 -> 4826050
B14: 3 | C14: Субсидии на иные цели | E14: =раздел1!E259 -> 71536.36 | G14: =раздел1!F259 -> 6500 | I14: =раздел1!G259 -> 0
B15: 4 | C15: Родительская плата | E15: =раздел1!E108 -> 285046.33 | G15: =раздел1!F108 -> 282174.32 | I15: =раздел1!G108 -> 0
C23: Руководитель | E23: _______________ | G23: ________________ | I23: __________________________
E24: должность | G24: подпись | I24: расшифровка
D38: Обоснование (расчет) плановых выплат
A40: Учреждение: Муниципальное дошкольное образовательное бюджетное учреждение Детский сад № 10 «Колосок» муниципального образования Ясненский городской округ
D44: Общая сумма | E44: =E9 -> 15628491 | H44: руб.
C47: Код классификации расходов бюджета 902 07010540114480111
C49: № п/п | D49: Наименование расходов | E49: Количество | F49: Цена (норматив) | G49: Сумма на 2023год (на текущий финансовый год) (руб.) | H49: Сумма на 2024 год (на первый год планового периода) (руб.) | I49: Сумма на 2025 год (на второй год планового периода) (руб.)
C50: 1 | D50: 2 | E50: 3 | F50: 4 | G50: 5 | H50: 6 | I50: 7
C51: 1 | D51: Заработная плата | G51: 2291700 | H51: 1558356 | I51: 1718775
C52: 2 | D52: Социальные пособия и компенсации персоналу в денежной форме | G52: 15000 | H52: 15000 | I52: 15000
C53: Итого: | G53: =SUM(G51:G52) -> 2306700 | H53: =SUM(H51:H52) -> 1573356 | I53: =SUM(I51:I52) -> 1733775
C56: Код классификации расходов бюджета 902 07010540180981111
C58: № п/п | D58: Наименование расходов | E58: Количество | F58: Цена (норматив) | G58: Сумма на 2023год (на текущий финансовый год) (руб.) | H58: Сумма на 2024 год (на первый год планового периода) (руб.) | I58: Сумма на 2025 год (на второй год планового периода) (руб.)
C59: 1 | D59: 2 | E59: 3 | F59: 4 | G59: 5 | H59: 6 | I59: 7
C60: 1 | D60: Заработная плата | G60: 1384300 | H60: 1394300 | I60: 1394300
C61: 2 | D61: Социальные пособия и компенсации персоналу в денежной форме | G61: 10000 | H61: 0 | I61: 0
C62: Итого: | G62: =SUM(G60:G61) -> 1394300 | H62: =SUM(H60:H61) -> 1394300 | I62: =SUM(I60:I61) -> 1394300
C65: Код классификации расходов бюджета 902 07010540114480119
C67: № п/п | D67: Наименование расходов | E67: Количество | F67: Цена (норматив) | G67: Сумма на 2023год (на текущий финансовый год) (руб.) | H67: Сумма на 2024 год (на первый год планового периода) (руб.) | I67: Сумма на 2025 год (на второй год планового периода) (руб.)
C68: 1 | D68: 2 | E68: 3 | F68: 4 | G68: 5 | H68: 6 | I68: 7
C69: 1 | D69: Начисления на выплаты по оплате труда | G69: 692100 | H69: 470628 | I69: 519075
C70: Итого: | G70: =SUM(G69) -> 692100 | H70: =SUM(H69:H69) -> 470628 | I70: =SUM(I69:I69) -> 519075
C73: Код классификации расходов бюджета 902 07010540180981119
C75: № п/п | D75: Наименование расходов | E75: Количество | F75: Цена (норматив) | G75: Сумма на 2023год (на текущий финансовый год) (руб.) | H75: Сумма на 2024 год (на первый год планового периода) (руб.) | I75: Сумма на 2025 год (на второй год планового периода) (руб.)
C76: 1 | D76: 2 | E76: 3 | F76: 4 | G76: 5 | H76: 6 | I76: 7
C77: 1 | D77: Начисления на выплаты по оплате труда | G77: 421100 | H77: 421100 | I77: 421100
C78: Итого: | G78: =SUM(G77) -> 421100 | H78: =SUM(H77:H77) -> 421100 | I78: =SUM(I77:I77) -> 421100
C81: Код классификации расходов бюджета 902 07010540114480244
C83: № п/п | D83: Наименование расходов | E83: Количество | F83: Цена (норматив) | G83: Сумма на 2023год (на текущий финансовый год) (руб.) | H83: Сумма на 2024 год (на первый год планового периода) (руб.) | I83: Сумма на 2025 год (на второй год планового периода) (руб.)
C84: 1 | D84: 2 | E84: 3 | F84: 4 | G84: 5 | H84: 6 | I84: 7
C85: 1 | D85: Услуги связи | G85: 30400 | H85: 30400 | I85: 30400
C86: 2 | D86: Коммунальные услуги | G86: =SUM(G87:G88) -> 54300 | H86: 54300 | I86: 54300
D87: водоотведение | G87: 40800
D88: холодная вода | G88: 13500
C89: 3 | D89: Работы, услуги по содержанию имущества | G89: =SUM(G90:G92) -> 30492.46 | H89: 70000 | I89: 70000
D90: дератизация | G90: 2224.08
D91: заправка картриджа | G91: 2000
D92: электроизмерит. испытания пищеблока и здания | G92: 26268.38
C93: 4 | D93: Прочие работы, услуги | G93: =SUM(G94:G97) -> 134500 | H93: 134500 | I93: 134500
D94: м/о | G94: 50041
D95: лаб.исл.готов.блюд | G95: 16797.98
D96: сангиг обучение | G96: 17661.02
D97: тех.обследование зданий и сооружений | G97: 50000
C98: 5 | D98: Увеличение стоимости основных средств | G98: =SUM(G99) -> 141500 | H98: 0 | I98: 0
D99: мед.оборудование | G99: 141500
C100: 6 | D100: Увеличение стоимости лекарственных препаратов и материалов, применяемых в медицинских целях | G100: 3000 | H100: 3000 | I100: 3000
C101: 7 | D101: Увеличение стоимости строительных материалов | G101: 15353.61 | H101: 25000 | I101: 25000
C102: 8 | D102: Увеличение стоимости прочих материальных запасов | G102: 24153.93 | H102: 98500 | I102: 98500
C103: Итого: | G103: =SUM(G85:G86,G89,G93,G98,G100,G101,G102) -> 433700 | H103: =SUM(H102,H100:H101,H93,H89,H86,H85) -> 415700 | I103: =SUM(I102,I100:I101,I93,I89,I86,I85) -> 415700
C106: Код классификации расходов бюджета 902 07010540714480244
C108: № п/п | D108: Наименование расходов | E108: Количество | F108: Цена (норматив) | G108: Сумма на 2023год (на текущий финансовый год) (руб.) | H108: Сумма на 2024 год (на первый год планового периода) (руб.) | I108: Сумма на 2025 год (на второй год планового периода) (руб.)
C109: 1 | D109: 2 | E109: 3 | F109: 4 | G109: 5 | H109: 6 | I109: 7
C110: 1 | D110: Работы, услуги по содержанию имущества | G110: =SUM(G111:G115) -> 45400 | H110: 45400 | I110: 45400
D111: ТО АПС и СОУЭ | G111: 9600
D112: ТО ТСО "Комплекс" | G112: 9993.6
D113: замена извещ.дымового | G113: 2150
D114: ТО ПАК "Андромеда" | G114: 18000
D115: ремонт | G115: 5656.4
C116: 2 | D116: Прочие работы, услуги | G116: =SUM(G117:G119) -> 23070 | H116: 37400 | I116: 37400
D117: обучение экол.безоп.руководит. | G117: 2000
D118: пульт.охрана | G118: 14651.76
D119: обучение | G119: 6418.24
C120: 3 | D120: Увеличение стоимости основных средств | G120: 14330 | H120: 0 | I120: 0
C121: Итого: | G121: =SUM(G116,G110,G120) -> 82800 | H121: =SUM(H116,H110) -> 82800 | I121: =SUM(I116,I110) -> 82800
C124: Код классификации расходов бюджета 902 07010540614460244
C126: № п/п | D126: Наименование расходов | E126: Количество | F126: Цена (норматив) | G126: Сумма на 2023год (на текущий финансовый год) (руб.) | H126: Сумма на 2024 год (на первый год планового периода) (руб.) | I126: Сумма на 2025 год (на второй год планового периода) (руб.)
C127: 1 | D127: 2 | E127: 3 | F127: 4 | G127: 5 | H127: 6 | I127: 7
C128: 1 | D128: Увеличение стоимости основных средств | G128: 0 | H128: 6500 | I128: 0
C129: Итого: | G129: =SUM(G128:G128) -> 0 | H129: =SUM(H128:H128) -> 6500 | I129: =SUM(I128:I128) -> 0
C132: Код классификации расходов бюджета 902 07010540114480247
C134: № п/п | D134: Наименование расходов | E134: Количество | F134: Цена (норматив) | G134: Сумма на 2023год (на текущий финансовый год) (руб.) | H134: Сумма на 2024 год (на первый год планового периода) (руб.) | I134: Сумма на 2025 год (на второй год планового периода) (руб.)
C135: 1 | D135: 2 | E135: 3 | F135: 4 | G135: 5 | H135: 6 | I135: 7
C136: 1 | D136: Коммунальные услуги | G136: =SUM(G137) -> 188600 | H136: 188600 | I136: 188600
D137: электроэнергия | G137: 188600
C138: 2 | D138: Кредиторская задолженность прошлых лет | G138: 4132.36 | H138: 0 | I138: 0
C139: Итого: | G139: =SUM(G137:G138) -> 192732.36 | H139: =SUM(H136:H136) -> 188600 | I139: =SUM(I136:I136) -> 188600
C142: Код классификации расходов бюджета 902 07010540114480851
C144: № п/п | D144: Наименование расходов | E144: Количество | F144: Цена (норматив) | G144: Сумма на 2023год (на текущий финансовый год) (руб.) | H144: Сумма на 2024 год (на первый год планового периода) (руб.) | I144: Сумма на 2025 год (на второй год планового периода) (руб.)
C145: 1 | D145: 2 | E145: 3 | F145: 4 | G145: 5 | H145: 6 | I145: 7
C146: 1 | D146: Налоги, пошлины и сборы | G146: 70700 | H146: 70700 | I146: 70700
C147: 2 | D147: Кредиторская задолженность прошлых лет(налоги) | G147: 17404 | H147: 0 | I147: 0
C148: Итого: | G148: =SUM(G146:G147) -> 88104 | H148: =SUM(H146:H146) -> 70700 | I148: =SUM(I146:I146) -> 70700
C151: Код классификации расходов бюджета 902 07010000000000244
C153: № п/п | D153: Наименование расходов | E153: Количество | F153: Цена (норматив) | G153: Сумма на 2023год (на текущий финансовый год) (руб.) | H153: Сумма на 2024 год (на первый год планового периода) (руб.) | I153: Сумма на 2025 год (на второй год планового периода) (руб.)
C154: 1 | D154: 2 | E154: 3 | F154: 4 | G154: 5 | H154: 6 | I154: 7
C155: 1 | D155: Увеличение стоимости продуктов питания | G155: 282174.32 | H155: 282174.32 | I155: 0
C156: 2 | D156: Увеличение стоимости прочих материальных запасов | G156: 2872.01 | H156: 0 | I156: 0
C157: Итого: | G157: =SUM(G155:G156) -> 285046.33 | H157: =SUM(H155:H156) -> 282174.32 | I157: =SUM(I155:I155) -> 0
C162: Руководитель | E162: _______________ | G162: ________________ | I162: __________________________
E163: должность | G163: подпись | I163: расшифровка
